 Dungeon Crawl Stone Soup version 0.31-a0-1496-g79c7dd0eeb (webtiles) character file.

Game seed: 15919104286014842451

50 tsouns the Covered (level 3, 0/31 HPs)
             Began as an Armataur Fighter on Dec 29, 2023.
             Slain by a gnoll
             ... wielding a +0 flail
              (2 damage)
             ... on level 2 of the Dungeon.
             The game lasted 00:01:54 (1109 turns).

tsouns the Covered (Armataur Fighter)               Turns: 1109, Time: 00:01:55

Health: 0/31       AC:  9    Str: 23    XL:     3   Next: 55%
Magic:  3/3        EV:  4    Int:  8    God:
Gold:   80         SH:  4    Dex:  9    Spells: 2/2 levels left

rFire   . . .        a - +0 flail
rCold   . . .        c - +0 buckler
rNeg    . . .        o - +0 plate armour
rPois   .            (no helmet)
rElec   .            (no cloak)
rCorr   .            (no gloves)
SInv    .            (no barding)
Will    .....        (no amulet) Stlth
                     (no ring)
HPRegen 0.25/turn    (no ring)
MPRegen 0.08/turn

%: roll
@: brilliant, attractive
A: large, deformed body, tough skin 3, armoured tail, roll 1
a: no special abilities


You were on level 2 of the Dungeon.
You visited 1 branch of the dungeon, and saw 2 of its levels.

You collected 80 gold pieces.

Inventory:

Hand Weapons
 a - a +0 flail (weapon)
Armour
 b - a +0 scale mail
 c - a +0 buckler (worn)
 o - a +0 plate armour (worn)
Jewellery
 j - a ring of fire
Scrolls
 h - a scroll of poison {unknown}
 i - a scroll of enchant armour {unknown}
 n - a scroll of blinking {unknown}
Potions
 d - a potion of might
 e - a potion of curing {unknown}
 f - a potion of heal wounds {unknown}
 g - a potion of cancellation {unknown}
 l - a potion of lignification {unknown}
 m - a potion of attraction


   Skills:
 + Level 3.1 Fighting
 + Level 2.3 Maces & Flails
 + Level 4.2 Armour
 + Level 3.8 Shields


You had 2 spell levels left.
You didn't know any spells.
Your spell library contained the following spells:

 Spells                   Type           Power      Damage    Failure   Level
 Cigotuvi's Dreadful Rot  Necr/Alch/Air  0%         N/A       100%        2
 Dispel Undead            Necr           0%         3d6       100%        4
 Martyr's Knell           Necr/Summ      0%         N/A       100%        4
 Death Channel            Necr           0%         N/A       100%        6


Dungeon Overview and Level Annotations

Branches:
Dungeon (2/15)

Altars:

Shops:
D:1 =


Innate Abilities, Weirdness & Mutations

Armour fits poorly on your strangely shaped body.
You have extremely tough skin. (AC +3)
You have a long armoured tail.
You regenerate magic when rolling toward enemies. (Rampage MPRegen)


Message History

You are held in a net!
You are held in a net!
You are held in a net!
Unknown command.
You tear a large gash into the net.
The gnoll hits you with a +0 flail.
You struggle against the net.
The gnoll hits you with a +0 flail. The gnoll completely misses you.
You rip the net and break free!
The gnoll hits you with a +0 flail. The gnoll hits you with a +0 whip.
The gnoll attacks as it pursues you! The gnoll hits you but does no damage.
The gnoll attacks as it pursues you! The gnoll hits you with a +0 flail.
You are too injured to fight recklessly!
You are too injured to fight recklessly!
You are too injured to fight recklessly!
You are too injured to fight recklessly!
You are too injured to fight recklessly!
You are too injured to fight recklessly!
You are too injured to fight recklessly!
You hit the gnoll.
Your tail-slap misses the gnoll.
The gnoll is heavily wounded.
The gnoll hits you with a +0 flail.
* * * LOW HITPOINT WARNING * * *
You hit the gnoll.
The gnoll is severely wounded.
The gnoll hits you with a +0 flail.
* * * LOW HITPOINT WARNING * * *
You hit the gnoll but do no damage.
Your tail-slap misses the gnoll.
The gnoll is severely wounded.
You block the gnoll's attack. x2
You closely miss the gnoll.
Your tail-slap misses the gnoll.
The gnoll is severely wounded.
The gnoll hits you with a +0 flail.
* * * LOW HITPOINT WARNING * * *
It was a potion of attraction.
You feel attractive to monsters. You block the gnoll's attack.
It was a potion of brilliance.
You feel clever all of a sudden. The gnoll hits you with a +0 flail.
You die...

..# #.#.## ..# #.#<.#
..# #.#..# ..## #######
##.#..# ...## #...).#
###..#..# ....## #.#
#....#..# ..#..## #g#
#.##.#### ..##..# #g#
#.##..... #####.## #@#
#.####### #..## #.#
##.# ##..#
#.#######..#### ##.##
#.............# #..#
#........[....# ##.##
#.............# #..#
#.............#
##.######...........[.#
#........####..#######


You could see 2 gnolls.

Vanquished Creatures
  A gnoll (D:2)
  A dart slug (D:1)
  3 ball pythons
  2 bats (D:1)
  6 endoplasms
  A giant cockroach (D:2)
  2 goblins
  5 hobgoblins
  2 quokkas
  5 frilled lizards
  4 kobolds
  2 rats
34 creatures vanquished.

Notes
Turn   | Place    | Note
-------+----------+-------------------------------------------
     0 | D:1      | tsouns the Armataur Fighter began the quest for the Orb.
     0 | D:1      | Reached XP level 1. HP: 18/18 MP: 1/1
   298 | D:1      | Reached XP level 2. HP: 25/25 MP: 2/2
   309 | D:1      | Found Pusayto's Jewellery Shoppe.
   757 | D:2      | Reached skill level 4 in Armour
   905 | D:2      | Reached XP level 3. HP: 31/31 MP: 3/3
  1107 | D:2      | HP: 1/31 [gnoll/+0 flail (3)]
  1109 | D:2      | Slain by a gnoll

Illustrated notes

Levels and vault maps discovered:
D:1:      arrival_zaba_pyramid, layout_basic, serial_shops,
          nicolae_shop_tiny_real_fake_doors, hangedman_decor_points
D:2:      layout_basic

Skill      XL: |  1  2 |
---------------+-------+-----
Maces & Flails | 2 |  2.3
Fighting       | 3 |  3.1
Armour         | 4 |  4.2
Shields        | |  3.8

Action                     || total
---------------------------++-------
  Melee: Flail             ||   107
         Tailslap          ||    11
    Use: Potion            ||     2
 Armour: Scale mail        ||    67
         Plate armour      ||    27
  Dodge: Dodged            ||    37
  Block: Buckler           ||    20

Table legend: (Time is in decaauts)
 A = Elapsed time spent in this place.
 B = Non-inter-level travel time spent in this place.
 C = Inter-level travel time spent in this place.
 D = Time resting spent in this place.
 E = Time spent auto-exploring this place.
 F = Levels seen in this place.
 G = Mean time per level.
                   A        B        C        D        E       F      G
               +--------+--------+--------+--------+--------+-----+--------+
         Total |   1143 |   1134 |      9 |      0 |    881 |   2 |  571.5 |
       Dungeon |   1143 |   1134 |      9 |      0 |    881 |   2 |  571.5 |
               +--------+--------+--------+--------+--------+-----+--------+

Top non-repeatable levels by time:
     D:1: 754 daAuts
     D:2: 389 daAuts
